 Dungeon Sprint DCSS version 0.29-a0-1027-gcd8c55af63 (webtiles) character file.

Game seed: 2026800770651028794

1316 mhtbhm the Thaumaturge (level 8, -9/43 HPs)
             Began as a Deep Elf Earth Elementalist on Aug 13, 2022.
             Was a Priest of Vehumet.
             Mangled by a jorogumo (shapeshifter) (20 damage)
             ... in the Dungeon (Sprint IX: "|||||||||||||||||||||||||||||").
             The game lasted 00:04:09 (1118 turns).

mhtbhm the Thaumaturge (DEEE)                       Turns: 1118, Time: 00:04:09

Health: -9/43      AC:  3    Str:  5    XL:     8   Next: 33%
Magic:  7/27       EV: 15    Int: 32    God:    Vehumet [***...]
Gold:   0          SH:  0    Dex: 15    Spells: 24/34 levels left

rFire   + + .      SeeInvis .   k - +2 scimitar of Juuxuxtire {vorpal, rF++ Int+3}
rCold   . . .      Faith    .   (no shield)
rNeg    . . .      Spirit   .   a - +0 robe
rPois   .          Reflect  .   m - +0 helmet
rElec   .          Harm     .   (no cloak)
rCorr   .          Rampage  .   (no gloves)
Will    .....      NoTele   +   (no boots)
Stlth   +++.......              (no amulet)
HPRegen 0.14/turn               n - +3 ring of intelligence
MPRegen 0.20/turn               o - +3 ring of intelligence

@: hasted and slowed
A: no striking features
a: Renounce Religion


You were in the Dungeon.
You worshipped Vehumet.
Vehumet was most pleased with you.
You visited 1 branch

Inventory:

Hand Weapons
 k - the +2 scimitar of Juuxuxtire (weapon) {vorpal, rF++ Int+3}
   (You found it in the Dungeon)

   It inflicts extra damage upon your enemies.
   Int:       It affects your intelligence (+3).
   rF:        It greatly protects you from fire.
 l - a +0 lajatang
Armour
 a - a +0 robe (worn)
 m - a +0 helmet (worn)
Jewellery
 n - a +3 ring of intelligence (left hand)
 o - a +3 ring of intelligence (right hand)
Wands
 j - a wand of roots (5)
Scrolls
 i - 2 scrolls of amnesia
Potions
 b - 3 potions of magic
 c - 3 potions of curing
 d - a potion of invisibility
 f - a potion of berserk rage


   Skills:
 + Level 1.0 Fighting
 + Level 2.0 Long Blades
 + Level 7.5 Dodging
 + Level 6.2 Stealth
 + Level 13.8 Spellcasting
 + Level 3.5 Conjurations
 + Level 1.9 Transmutations
 + Level 13.3 Earth Magic
 + Level 3.8 Evocations


You had 24 spell levels left.
You knew the following spells:

 Your Spells              Type           Power      Damage    Failure   Level
a - Sandblast             Erth           100%       2d20      0%          1
b - Passwall              Tmut/Erth      52%        N/A       1%          2
c - Stone Arrow           Conj/Erth      100%       3d13      1%          3
d - Petrify               Tmut/Erth      63%        N/A       1%          4

Your spell library contained the following spells:

 Spells                   Type           Power      Damage    Failure   Level
 Scorch                   Fire           44%        2d7       1%          2


Dungeon Overview and Level Annotations

Branches:
Dungeon (1/1)

Altars:
Cheibriados
Dithmenos
Elyvilon
Fedhas
Gozag
Hepliaklqana
Kikubaaqudgha
Makhleb
Nemelex Xobeh
Okawaru
Qazlal
Ru
Sif Muna
Trog
Uskayaw
Vehumet
Wu Jian
Xom
Yredelemnul
Zin
The Shining One
Jiyva
Lugonu


Message History

The stone arrow hits the jorogumo!!
The jorogumo is moderately wounded.
Unknown command.
Press < or > to pray at altars.
Unknown command.
Press < or > to pray at altars.
Casting: Stone Arrow (safe; 1% risk of failure)
Confirm with . or Enter, or press ? or * to list all spells.
Aiming: Petrify (dangerous; 1% risk of failure)
Press: ? - help, Shift-Dir - straight line, f/p - jorogumo
Aim: a jorogumo (moderately wounded, chance to affect: 43%)
Okay, then.
Casting: Petrify (dangerous; 1% risk of failure)
Confirm with . or Enter, or press ? or * to list all spells.
Aiming: Stone Arrow (safe; 1% risk of failure)
Press: ? - help, Shift-Dir - straight line, f/p - jorogumo
Aim: a jorogumo (moderately wounded, 66% to hit)
The stone arrow hits the jorogumo!!
The jorogumo is heavily wounded.
The jorogumo hits you.
* * * LOW HITPOINT WARNING * * *
You feel yourself slow down.
Unknown command.
Press < or > to pray at altars.
You feel much better. The jorogumo hits you!
* * * LOW HITPOINT WARNING * * *
You feel as though you will be slow longer.
Unknown command.
Press < or > to pray at altars.
Casting: Stone Arrow (safe; 1% risk of failure)
Confirm with . or Enter, or press ? or * to list all spells.
Aiming: Stone Arrow (safe; 1% risk of failure)
Press: ? - help, Shift-Dir - straight line, f/p - jorogumo
Aim: a jorogumo (heavily wounded, 66% to hit)
The stone arrow misses the jorogumo.
The stone arrow hits the acid dragon!!
You kill the acid dragon!
Vehumet accepts your kill.
Vehumet is now aiding your destructive spells.
The jorogumo closely misses you. The jorogumo hits you!!
You die...

▓.▓
▓[▓
▓)▓
▓)▓
▓[▓
▓[▓
▓'▓
▓H▓
▓@▓
▓_▓
▓_▓
▓_▓
▓_▓
▓_▓
▓_▓
▓_▓
▓_▓


You could see a jorogumo.

Vanquished Creatures
  A manticore (D)
  2 yaks (D)
  A wyvern (D)
  3 acid dragons (D)
  2 orc warriors (D)
  A hound (D)
  A gnoll bouda (D)
  An orc wizard (D)
  An adder (D)
  An ufetubus (D)
  A dart slug (D)
  A ball python (D)
  A giant cockroach (D)
  A goblin (D)
  A kobold (D)
  A rat (D)
20 creatures vanquished.

Notes
Turn   | Place    | Note
-------+----------+-------------------------------------------
     0 | D        | mhtbhm the Deep Elf Earth Elementalist began the quest for
                  | the Orb.
     0 | D        | Reached XP level 1. HP: 10/10 MP: 6/6
   134 | D        | Noticed a hound
   134 | D        | Noticed a gnoll bouda
   137 | D        | Reached XP level 2. HP: 15/15 MP: 5/8
   140 | D        | Reached XP level 3. HP: 12/19 MP: 3/11
   142 | D        | Reached skill level 5 in Spellcasting
   146 | D        | Reached XP level 4. HP: 24/24 MP: 12/14
   265 | D        | Found a snail-covered altar of Cheibriados.
   265 | D        | Found a shadowy altar of Dithmenos.
   265 | D        | Found a white marble altar of Elyvilon.
   265 | D        | Found a blossoming altar of Fedhas.
   265 | D        | Found an opulent altar of Gozag.
   266 | D        | Found a hazy altar of Hepliaklqana.
   267 | D        | Found a viscous altar of Jiyva.
   268 | D        | Found an ancient bone altar of Kikubaaqudgha.
   269 | D        | Found a corrupted altar of Lugonu.
   270 | D        | Found a burning altar of Makhleb.
   271 | D        | Found a sparkling altar of Nemelex Xobeh.
   274 | D        | Found an iron altar of Okawaru.
   275 | D        | Found a stormy altar of Qazlal.
   276 | D        | Found a sacrificial altar of Ru.
   277 | D        | Found a shimmering blue altar of Sif Muna.
   278 | D        | Found a bloodstained altar of Trog.
   279 | D        | Found a hide-covered altar of Uskayaw.
   280 | D        | Found a radiant altar of Vehumet.
   281 | D        | Found an ornate altar of the Wu Jian Council.
   282 | D        | Found a shimmering altar of Xom.
   283 | D        | Found a basalt altar of Yredelemnul.
   284 | D        | Found a glowing silver altar of Zin.
   285 | D        | Found a glowing golden altar of the Shining One.
   288 | D        | Became a worshipper of Vehumet
   302 | D        | Got the +2 scimitar of Juuxuxtire {vorpal, rF++ Int+3}
   324 | D        | Learned a level 2 spell: Passwall
   328 | D        | Learned a level 3 spell: Stone Arrow
   333 | D        | Learned a level 4 spell: Petrify
   333 | D        | Noticed a yak
   333 | D        | Noticed an orc warrior
   333 | D        | Noticed a wyvern
   333 | D        | Noticed an orc warrior
   333 | D        | Noticed a yak
   341 | D        | Killed a yak
   342 | D        | Reached skill level 5 in Dodging
   342 | D        | Reached skill level 1 in Evocations
   342 | D        | Reached XP level 5. HP: 3/28 MP: 14/18
   345 | D        | Killed an orc warrior
   345 | D        | Reached * piety under Vehumet
   345 | D        | Offered knowledge of Magic Dart by Vehumet.
   346 | D        | Reached skill level 5 in Stealth
   346 | D        | Reached skill level 10 in Spellcasting
   346 | D        | Reached skill level 10 in Earth Magic
   346 | D        | Reached XP level 6. HP: 21/32 MP: 12/21
   347 | D        | Killed a wyvern
   348 | D        | Reached skill level 1 in Long Blades
   352 | D        | Killed an orc warrior
   353 | D        | Reached XP level 7. HP: 21/36 MP: 16/23
   356 | D        | Killed a yak
   356 | D        | Reached ** piety under Vehumet
   357 | D        | Reached skill level 1 in Conjurations
   559 | D        | Noticed a vampire mosquito
   559 | D        | Noticed a hog
   559 | D        | Noticed a manticore
   562 | D        | Killed a manticore
   562 | D        | Offered knowledge of Searing Ray by Vehumet.
   563 | D        | Reached XP level 8. HP: 21/42 MP: 20/27
   707 | D        | Noticed a glowing orange brain
   914 | D        | Noticed an entropy weaver
  1086 | D        | Noticed a boulder beetle
  1091 | D        | Offered knowledge of Scorch by Vehumet.
  1092 | D        | Reached skill level 1 in Fighting
  1111 | D        | Noticed a jorogumo
  1118 | D        | Reached *** piety under Vehumet
  1118 | D        | Mangled by a jorogumo (shapeshifter)

Illustrated notes

Levels and vault maps discovered:
D:        linesprint [early_d, line_temple, items_1, d_10, items_2, lair_1,
          lair_end, items_3, orc_1, orc_end, items_4, d_15, swamp_1, shoals_1,
          snake_1, spider_1, d_20, vaults_1, items_5, swamp_end, shoals_end,
          snake_end, spider_end, vaults_end, d_27, items_6, zot_1, zot_end,
          crypt_end, forest_end, elf_end, slime_end, tomb_end, abyss_end,
          pan_hell_end]

Skill      XL: |  1  2  3  4  5  6  7  8 |
---------------+-------------------------+-----
Earth Magic    | 4 6 7 9 10 11 13 | 13.3
Dodging        | 3 4 5 6 7 |  7.5
Stealth        | 3 4 5 6 |  6.2
Spellcasting   | 4 6 9 10 11 13 | 13.8
Evocations     | 1 2 3 |  3.8
Long Blades    | 1 2 |  2.0
Conjurations   | 2 3 |  3.5
Fighting       | 1 |  1.0
Transmutations | |  1.9

Action                   |  1- 3 |  4- 6 |  7- 9 || total
-------------------------+-------+-------+-------++-------
Melee: Scimitar          |       |     2 |       ||     2
       Punch             |       |     1 |       ||     1
 Cast: Sandblast         |    14 |     1 |       ||    15
       Stone Arrow       |       |     6 |    16 ||    22
       Petrify           |       |       |     5 ||     5
Evoke: Wand              |       |     5 |       ||     5
  Use: Potion            |     2 |     3 |     3 ||     8
       Scroll            |       |     1 |     1 ||     2
Armor: Robe              |     2 |     1 |     1 ||     4
Dodge: Dodged            |    12 |     1 |     8 ||    21

Table legend: (Time is in decaauts)
 A = Elapsed time spent in this place.
 B = Non-inter-level travel time spent in this place.
 C = Inter-level travel time spent in this place.
 D = Time resting spent in this place.
 E = Time spent auto-exploring this place.
 F = Levels seen in this place.
 G = Mean time per level.
                   A        B        C        D        E       F      G
               +--------+--------+--------+--------+--------+-----+--------+
         Total |   1131 |   1131 |      0 |    919 |      0 |   1 | 1131.0 |
       Dungeon |   1131 |   1131 |      0 |    919 |      0 |   1 | 1131.0 |
               +--------+--------+--------+--------+--------+-----+--------+

Top non-repeatable levels by time:
       D: 1131 daAuts
